 Dungeon Crawl Stone Soup version 0.27-a0-1291-geefcff550b (webtiles) character file.

Game seed: 3379032931915377020

130 thriggle the Cudgeller (level 4, -6/44 HPs)
             Began as a Troll Monk on June 15, 2021.
             Was a Priest of Ru.
             Mangled by an ogre (30 damage)
             ... on level 4 of the Dungeon.
             The game lasted 00:10:43 (2241 turns).

thriggle the Cudgeller (Troll Monk)                 Turns: 2241, Time: 00:10:44

Health: -6/44      AC:  5    Str: 19    XL:     4   Next: 89%
Magic:  3/3        EV: 10    Int:  6    God:    Ru [***...]
Gold:   155        SH:  0    Dex: 13    Spells: 3/3 levels left

rFire    . . .     SeeInvis .   o - +0 morningstar (freeze)
rCold    . . .     Faith    .   (no shield)
rNeg     . . .     Spirit   .   b - +0 robe
rPois    .         Reflect  .   (helmet restricted)
rElec    .         Harm     .   i - +0 cloak
rCorr    +         Rampage  .   (gloves unavailable)
Will     .....                  (boots unavailable)
Stlth    ++........             (no amulet)
HPRegen  1.14/turn              m - ring of resist corrosion
MPRegen  0.08/turn              (no ring)

@: no status effects
A: large, unfitting armour, claws 3, regeneration 1, shaggy fur 1, tough skin 1,
inability to use devices, inability to train armour
a: Renounce Religion, Draw Out Power


You were on level 4 of the Dungeon.
You worshipped Ru.
Ru was most pleased with you.
You visited 1 branch of the dungeon, and saw 4 of its levels.

You collected 155 gold pieces.

Inventory:

Hand Weapons
 a - a +0 mace
 o - a +0 morningstar of freezing (weapon)
Missiles
 c - 28 poisoned darts (quivered)
 g - 133 stones
Armour
 b - a +0 robe (worn)
 i - a +0 cloak (worn)
Jewellery
 j - a ring of flight
 m - a ring of resist corrosion (left claw)
Wands
 k - a wand of iceblast (22)
Scrolls
 e - a scroll of identify
 n - a scroll of silence
Potions
 d - a potion of lignification {unknown}
 h - a potion of curing {unknown}
 l - a potion of degeneration {unknown}


   Skills:
 + Level 2.8 Fighting
 + Level 3.2 Maces & Flails
 + Level 1.3 Throwing
 + Level 3.0 Dodging
 + Level 1.5 Stealth
 - Level 0.2 Invocations
   Level 0.0 Evocations


You had 3 spell levels left.
You didn't know any spells.
Your spell library contained the following spells:

 Spells                   Type           Power      Damage    Failure   Level
 Beastly Appendage        Tmut           0%         N/A       45%         1
 Corona                   Hex            0%         N/A       45%         1
 Ensorcelled Hibernation  Hex/Ice        0%         N/A       58%         2
 Wereblood                Tmut           0%         N/A       58%         2
 Confusing Touch          Hex            0%         N/A       83%         3
 Dazzling Flash           Conj/Hex       0%         N/A       83%         3
 Spider Form              Tmut/Pois      0%         N/A       83%         3
 Tukima's Dance           Hex            0%         N/A       83%         3
 Ice Form                 Ice/Tmut       0%         N/A       99%         4


Dungeon Overview and Level Annotations

Branches:
Dungeon (4/15)
 Temple: D:4-7

Altars:
Ru
Vehumet
Yredelemnul


Innate Abilities, Weirdness & Mutations

You are too large for most types of armour.
You have claws for hands.
Your natural rate of healing is unusually fast.
You are covered in fur. (AC +1)
You have tough skin. (AC +1)
You cannot study or use magical devices.
You cannot train Armour skill.


Message History

The orc shouts!
An orc priest comes into view. It is wielding a +0 hand axe.
You barely miss the endoplasm. The endoplasm freezes you.
You are frozen.
You sock the endoplasm! You freeze the endoplasm.
You kill the endoplasm!
An orc wizard comes into view. It is wielding a +0 dagger.
The orc hits you with a +0 dagger.
The orc wizard shouts!
You hit the orc. You freeze the orc.
You kill the orc!
The orc wizard gestures wildly while chanting.
The orc wizard flickers and vanishes!
Deactivating autopickup; reactivate with Ctrl-A. 2 orcs and an ogre come into view.
The orc throws a boomerang.
The boomerang hits you.
Things that are here:
a +0 dagger; 3 boomerangs; a +0 leather armour The orc shouts!
The ogre shouts!
The orc priest shouts!
The orc throws a boomerang.
The boomerang hits you but does no damage.
You hear some strange, mumbled words.
A magic dart appears from out of thin air!
The magic dart hits you but does no damage.
You barely miss something.
The orc priest invokes the aid of Beogh against you.
Beogh smites you!
The orc throws a boomerang.
The boomerang hits you. Something hits you but does no damage.
You miss something.
You hear some strange, mumbled words.
Something tries to affect you, but you resist.
The ogre hits you with a +0 giant club!
You miss something. Something hits you but does no damage.
You barely miss something. Something hits you but does no damage.
The orc throws a boomerang.
The boomerang hits you.
You barely miss the ogre.
The ogre hits you with a +0 giant club!!
Ouch! That really hurt!
You die...

#...o..## .# ..O... .# .
..o# .# ... #....
#####+#######o###.#.....
#....
#.............).........
#....
#...........o####.#.....
#....
#...........o...#.# ...
#....
#.............#O#.# .
##....
#.............#@#.#
......
#.............#.#.#
......
##.............#.#.#
......
...............#.#.#
######
##.............#.#
#.............#.#
#........... ...
########### #.# ######


You could see an ogre.

Vanquished Creatures
  Natasha (D:2)
  3 adders
  A worm (D:3)
  4 dart slugs
  2 orcs
  8 endoplasms
  A giant cockroach (D:2)
  7 goblins
  A hobgoblin (D:3)
  8 jackals
  2 quokkas
  5 ball pythons
  2 bats (D:1)
  3 frilled lizards
  6 kobolds
  8 rats
  A spectral orc (D:3)
63 creatures vanquished.

Notes
Turn   | Place    | Note
-------+----------+-------------------------------------------
     0 | D:1      | thriggle the Troll Monk began the quest for the Orb.
     0 | D:1      | Reached XP level 1. HP: 22/22 MP: 0/0
   103 | D:1      | Found a faded altar of an unknown god.
   111 | D:1      | Became a worshipper of Ru the Awakened
   121 | D:1      | Gained mutation: You cannot train Armour skill. [Ru
                  | sacrifice]
   121 | D:1      | Reached * piety under Ru
   244 | D:1      | Reached XP level 2. HP: 28/29 MP: 1/1
   402 | D:1      | Reached XP level 3. HP: 35/36 MP: 2/2
   628 | D:2      | Noticed Natasha
   638 | D:2      | Killed Natasha
   639 | D:2      | Reached skill level 1 in Throwing
   985 | D:2      | Reached XP level 4. HP: 44/44 MP: 3/3
  1091 | D:2      | Reached skill level 1 in Evocations
  1480 | D:3      | Found a radiant altar of Vehumet.
  1985 | D:3      | Gained mutation: You cannot study or use magical devices.
                  | [Ru sacrifice]
  1985 | D:3      | Reached ** piety under Ru
  1985 | D:3      | Reached *** piety under Ru
  2111 | D:3      | Found a basalt altar of Yredelemnul.
  2228 | D:4      | Noticed an ogre
  2241 | D:4      | Mangled by an ogre

Illustrated notes

Levels and vault maps discovered:
D:1:      wheals_arrival_shading, layout_basic,
          shapermc_ecumenical_altar_mp_highgroup, moated_statue
D:2:      layout_basic, minmay_stone_trees_small, uniq_natasha
D:3:      layout_loops_ring, yredelemnul_forgotten_temple_becter,
          old_standard_altar
D:4:      layout_basic, minmay_quadrilaterals

Skill      XL: |  1  2  3  4 |
---------------+-------------+-----
Throwing       | 1 |  1.3
Maces & Flails | 3 |  3.2
Evocations     | 0 |  0.0
Dodging        | 3 |  3.0
Fighting       | |  2.8
Stealth        | |  1.5
Invocations    | |  0.2

Action                   |  1- 3 |  4- 6 || total
-------------------------+-------+-------++-------
Melee: Mace              |    88 |    80 ||   168
       Morningstar       |       |    19 ||    19
Throw: Dart              |     6 |     3 ||     9
Invok: Sacrifice Durabil |     1 |       ||     1
       Sacrifice Artific |       |     1 ||     1
  Use: Scroll            |     1 |     3 ||     4
 Stab: Sleeping          |     1 |     1 ||     2
Armor: Robe              |    34 |    35 ||    69
Dodge: Dodged            |    45 |    38 ||    83

Table legend: (Time is in decaauts)
 A = Elapsed time spent in this place.
 B = Non-inter-level travel time spent in this place.
 C = Inter-level travel time spent in this place.
 D = Time resting spent in this place.
 E = Time spent auto-exploring this place.
 F = Levels seen in this place.
 G = Mean time per level.
                   A        B        C        D        E       F      G
               +--------+--------+--------+--------+--------+-----+--------+
         Total |   2290 |   2170 |    120 |    111 |   1363 |   4 |  572.5 |
       Dungeon |   2290 |   2170 |    120 |    111 |   1363 |   4 |  572.5 |
               +--------+--------+--------+--------+--------+-----+--------+

Top non-repeatable levels by time:
     D:3: 855 daAuts
     D:2: 759 daAuts
     D:1: 620 daAuts
     D:4: 55 daAuts
